 Dungeon Crawl Stone Soup version 0.24-a0-586-g8e0e932a4c (webtiles) character file.

Game seed: 13619248404006298373, levelgen mode: deterministic

388 Mithandil the Conjurer (level 6, -4/35 HPs)
             Began as a Tengu Conjurer on Sept 8, 2019.
             Was an Initiate of Vehumet.
             Slain by an orc priest
             ... wielding a +0 short sword
              (8 damage)
             ... on level 4 of the Dungeon.
             The game lasted 00:19:50 (3180 turns).

Mithandil the Conjurer (Tengu Conjurer)             Turns: 3180, Time: 00:19:50

Health: -4/35      AC:  4    Str: 10    XL:     6   Next: 79%
Magic:  1/12       EV: 13    Int: 16    God:    Vehumet [......]
Gold:   100        SH:  0    Dex: 14    Spells: 5/12 levels left

rFire    . . .     SeeInvis .   a - +0 dagger (venom)
rCold    . . .     Gourm    .   (no shield)
rNeg     . . .     Faith    .   i - +0 leather armour
rPois    .         Spirit   .   (helmet restricted)
rElec    .         Reflect  .   (no cloak)
rCorr    .         Harm     .   (no gloves)
MR       .....                  (boots unavailable)
Stlth    ++........             (no amulet)
HPRegen  0.11/turn              (no ring)
MPRegen  0.13/turn              (no ring)

@: no status effects
A: beak, talons 3, shaggy fur 1, able to fly, sturdy frame 1
a: Fly, Renounce Religion


You were on level 4 of the Dungeon.
You worshipped Vehumet.
Vehumet was noncommittal.
You were hungry.

You visited 2 branches of the dungeon, and saw 5 of its levels.

You collected 100 gold pieces.

Inventory:

Hand Weapons
 a - a +0 dagger of venom (weapon)
 b - a +0 hunting sling
 q - a +0 spear
 s - a +0 falchion
Missiles
 f - 89 stones
 h - 52 bolts
 o - 27 poisoned darts (quivered)
Armour
 i - a +0 leather armour (worn)
 t - a +0 ring mail
Scrolls
 d - 2 scrolls of blinking
 e - 2 scrolls of remove curse {unknown}
 g - 4 scrolls of amnesia {unknown}
 k - 2 scrolls of enchant weapon {unknown}
 m - a scroll of enchant armour {unknown}
 n - a scroll of identify {unknown}
Potions
 j - a potion of magic {unknown}
 p - a potion of curing {unknown}
 u - a potion of berserk rage
 v - a potion of degeneration {unknown}
Comestibles
 c - 8 rations
 l - 4 chunks of flesh


   Skills:
 + Level 2.0 Fighting
 + Level 2.0 Short Blades
 + Level 3.4 Dodging
 + Level 3.1 Stealth
 * Level 3.6 Spellcasting
 * Level 6.8 Conjurations


You had 5 spell levels left.
You knew the following spells:

 Your Spells              Type           Power        Failure   Level  Hunger
a - Magic Dart            Conj           ###.         1%          1    None
b - Searing Ray           Conj           ###...       1%          2    ##.....
c - Force Lance           Conj/Tloc      ##......     41%         4    ####...

Your spell library contained the following spells:

 Spells                   Type           Power        Failure   Level  Hunger
 Iskenderun's Mystic Bla  Conj           ###.....     11%         4    ####...
 Dazzling Spray           Conj/Hex       ##....       14%         3    ###....
 Fulminant Prism          Conj/Hex       ##........   41%         4    ####...


Dungeon Overview and Level Annotations

Branches:
Dungeon (4/15)             Temple (1/1) D:4

Altars:
Ashenzari
Cheibriados
Dithmenos
Elyvilon
Fedhas
Gozag
Hepliaklqana
Kikubaaqudgha
Makhleb
Nemelex Xobeh
Okawaru
Qazlal
Ru
Sif Muna
Trog
Uskayaw
Vehumet
Wu Jian
Xom
Yredelemnul
The Shining One


Innate Abilities, Weirdness & Mutations

You have a beak for a mouth.
You have claws for feet.
You can fly continuously.
You are covered in fur. (AC +1)
Your movements are slightly less encumbered by armour. (ER -2)


Message History

You claw the orc priest, but do no damage.
You peck the orc priest.
The orc priest is lightly wounded.
You hear the quick rusting of a very distant drain.
The orc priest calls down the wrath of Beogh upon you.
Beogh smites you!
* * * LOW HITPOINT WARNING * * *
You hit the orc priest but do no damage.
The orc priest is poisoned.
You peck the orc priest, but do no damage.
The orc priest is lightly wounded.
The orc priest completely misses you.
You hit the orc priest but do no damage.
The orc priest looks as sick as possible!
You peck the orc priest, but do no damage.
The orc priest is moderately wounded.
You barely miss the orc priest. You claw the orc priest.
The orc priest is heavily wounded.
The orc priest hits you with a +0 short sword!
You die...

#..# #.# #. #..#
#.# #. ####..# #.#
#. .....# #.# #.
#...########.####.
##.................
#.....#######.####.
#.%#..........# #.
#.@##.######### #.
....:..o.#.# #.
.......).#.# #.
#######....# #.
...### #. ##.# #.
.) ## ..


You could see an orc priest.

Vanquished Creatures
  A howler monkey (D:2)
  2 hounds (D:4)
  A centaur skeleton (D:4)
  Terence (D:3)
  Natasha (thrice) (D:2)
  A worker ant (D:4)
  Robin (D:2)
  3 adders
  An ooze (D:2)
  2 worms (D:2)
  5 dart slugs
  2 leopard geckos (D:2)
  7 orcs (D:4)
  2 ball pythons
  2 giant cockroaches
  16 goblins
  9 hobgoblins
  A quokka (D:2)
  5 bats
  6 frilled lizards
  6 kobolds
  4 rats
81 creatures vanquished.

Notes
Turn   | Place    | Note
-------+----------+-------------------------------------------
     0 | D:1      | Mithandil the Tengu Conjurer began the quest for the Orb.
     0 | D:1      | Reached XP level 1. HP: 10/10 MP: 4/4
   125 | D:3      | Reached XP level 2. HP: 10/16 MP: 0/6
   582 | D:1      | Reached XP level 3. HP: 20/20 MP: 3/7
   586 | D:1      | Learned a level 2 spell: Searing Ray
  1695 | D:2      | Noticed Robin
  1703 | D:2      | Killed Robin
  1703 | D:2      | Reached skill level 1 in Fighting
  1703 | D:2      | Reached XP level 4. HP: 22/25 MP: 1/9
  1820 | D:2      | Noticed Natasha
  1831 | D:2      | Killed Natasha
  1831 | D:2      | Reached skill level 1 in Short Blades
  1831 | D:2      | Reached skill level 6 in Conjurations
  1839 | D:2      | Learned a level 4 spell: Force Lance
  1959 | D:2      | Gained mutation: You are covered in fur. (AC +1) [potion of
                  | mutation]
  1959 | D:2      | Gained mutation: Your movements are slightly less
                  | encumbered by armour. (ER -2) [potion of mutation]
  2262 | D:2      | Noticed Natasha
  2266 | D:2      | Killed Natasha
  2266 | D:2      | Gained mutation: You can fly continuously. [Tengu growth]
  2266 | D:2      | Reached XP level 5. HP: 29/29 MP: 5/10
  2345 | D:2      | Noticed Natasha
  2348 | D:2      | Killed Natasha
  2537 | D:2      | Reached XP level 6. HP: 34/34 MP: 7/12
  2624 | D:3      | Noticed Terence
  2634 | D:3      | Killed Terence
  2747 | D:4      | Found a staircase to the Ecumenical Temple.
  2767 | Temple   | Entered the Ecumenical Temple
  2820 | Temple   | Became a worshipper of Vehumet
  3180 | D:4      | Slain by an orc priest

Levels and vault maps discovered:
D:1:      lightli_arrival_statuegarden, layout_loops_corners, minmay_tromino_i2
D:2:      layout_basic, uniq_robin, uniq_natasha
D:3:      kennysheep_the_goblin_king, layout_loops_corners, uniq_terence
D:4:      layout_loops_ring, minmay_temple_entry_glass,
          ebering_ghost_inner_flame, portal_sewer_entry_d, minmay_goblin_outpost
Temple:   minmay_crystal_snake_temple

Skill      XL: |  1  2  3  4  5  6 |
---------------+-------------------+-----
Fighting       | 1 2 |  2.0
Short Blades   | 1 2 |  2.0
Conjurations   | 6 |  6.8
Spellcasting   | 3 |  3.6
Dodging        | 3 |  3.4
Stealth        | 3 |  3.1

Action                   |  1- 3 |  4- 6 || total
-------------------------+-------+-------++-------
Melee: Unarmed           |    13 |       ||    13
       Kick              |     4 |     8 ||    12
       Dagger            |    15 |    41 ||    56
       Peck              |     1 |     9 ||    10
 Cast: Magic Dart        |    73 |    58 ||   131
       Searing Ray       |       |    12 ||    12
  Use: Potion            |       |     3 ||     3
       Scroll            |       |     5 ||     5
  Eat: Chunk             |     3 |     5 ||     8
Armor: Robe              |     3 |       ||     3
       Leather armour    |     3 |     7 ||    10
Dodge: Dodged            |    28 |    48 ||    76

Table legend:
 A = Non-vault XP
 B = Vault XP
 C = Vault XP percentage of total XP
 D = Non-vault monster count
 E = Vault monster count
 F = Vault count percentage of total count
                 A         B        C        D         E       F
            +---------+---------+-------+---------+---------+-------
      Total |     455 |     100 |  18.0 |      70 |      11 |  13.6
            +---------+---------+-------+---------+---------+-------
        D:1 |      50 |       4 |   7.4 |      27 |       2 |   6.9
        D:2 |     187 |      60 |  24.3 |      22 |       8 |  26.7
        D:3 |      28 |      36 |  56.2 |       9 |       1 |  10.0
        D:4 |     190 |       0 |   0.0 |      12 |       0 |   0.0
            +---------+---------+-------+---------+---------+-------
